[Event "26th Womens ECCC 2022"]
[Site "Mayrhofen"]
[Date "2022.10.09"]
[Round "7.26"]
[White "Radeva, Viktoria"]
[Black "Peglau, Dora"]
[Result "1-0"]
[ECO "B12"]
[WhiteElo "2263"]
[BlackElo "1745"]
[Annotator "TA"]
[PlyCount "103"]
[EventDate "2022.10.03"]
[EventType "team-tourn"]
[EventCountry "AUT"]
[SourceTitle "playchess.com"]
[Source "ChessBase"]
[SourceQuality "1"]
[TimeControl "40/5400+30:1800+30"]

1. e4 c6 2. d4 d5 3. e5 Bf5 4. h4 h6 5. g4 Be4 6. f3 Bh7 7. e6 Nf6 {[%emt 0:00:18] B12: Caro-Kann: Advance Variation.} 8. Nc3 fxe6 {[%emt 0:01:21] [#]} 9. Be3 $146 ({Better is} 9. Bf4 $11) ({Predecessor:} 9. Bd3 Qd6 10. Nge2 Nbd7 11. Bxh7 Nxh7 12. f4 O-O-O 13. Qd3 Nhf6 14. Rg1 g5 15. hxg5 hxg5 16. fxg5 {1-0 (41) Tokhirjonova,G (2435)-Gunina,V (2497) Khanty-Mansiysk 2018}) 9... Qd6 {[%emt 0:04:21] Black is slightly better.} 10. Qd2 e5 {[%emt 0:13:41] Inhibits Bf4.} 11. dxe5 Qxe5 12. O-O-O Qc7 13. Bf4 {[%emt 0:09:03][%mdl 1024] White has compensation.} (13. g5 $5 ) 13... Qa5 14. Bh3 ({White should play} 14. g5 $16) 14... Nfd7 $11 15. g5 Na6 (15... Nb6 $1 $11) 16. a3 (16. gxh6 Nb4 $11) (16. Nge2 $16) 16... O-O-O (16... Nb6 $1 $11) 17. Qd4 (17. Nge2 $16) 17... Qb6 (17... hxg5 $2 18. hxg5 e6 19. Bxe6 $18) (17... Nc7 $1 $11 {remains equal.}) 18. Qxb6 $40 {[%emt 0:06:46][%mdl 128] White goes for the king. White is much more active.} axb6 {[%emt 0:00:08] [#]} 19. Na4 $1 e6 20. Bxe6 Bc5 21. b4 Bf2 22. Nh3 (22. gxh6 $6 b5 $16) 22... b5 23. Nxf2 bxa4 24. gxh6 gxh6 25. c4 (25. Rhg1 $16) 25... dxc4 $2 (25... Rhf8 $11 {and Black has nothing to worry.} 26. Nh3 (26. Bxh6 Rxf3 27. Rhf1 Rxa3 $17) 26... dxc4) 26. Rd6 $2 (26. Bxc4 Rhf8 27. Rd4 (27. Bxh6 $2 Rxf3 28. Bg5 Rc3+ 29. Kb2 Rxc4 $17) 27... Nc7 $11) (26. Bxh6 Nc7 27. Bxc4 Bg8 28. Bxg8 Rxh6 $11) ({White should try} 26. Ne4 $18 Bxe4 27. fxe4) 26... Nc7 $11 (26... Rhf8 27. Bxh6 Rxf3 28. Bg5 $14) 27. Bh3 {[%emt 0:00:27] This bishop pair is nice.} Rhf8 28. Bxh6 Rxf3 29. Bg5 Nb5 30. Rh6 Rc3+ 31. Kd1 Bc2+ 32. Kd2 $1 Rf8 (32... Rg8 $5 ) 33. Rf6 {[%emt 0:01:35] Really sharp!} Rxf6 34. Bxf6 Rf3 35. Bxd7+ Kxd7 36. Ng4 {[%emt 0:00:01] Strongly threatening Ne5+.} Rg3 37. Kxc2 Rxg4 {[%emt 0:00:06][%mdl 4096] Endgame KRB-KRN} 38. h5 $1 {[%emt 0:00:22] Threatens to win with h6.} Rg2+ (38... Nxa3+ $11 39. Kc1 Rf4) 39. Kc1 $16 Rf2 {[%emt 0:07:04] [#]} (39... Nxa3 $2 40. h6 Re2 41. h7 $18) 40. Bg7 c3 $2 (40... Nxa3 $2 41. h6 c5 42. h7 $18) (40... Nd6 $16) 41. h6 $18 {[%emt 0:04:06] aiming for h7.} Ra2 {[%emt 0:08:17] ...Ra1+ is the strong threat.} (41... Nxa3 $2 42. Bxc3 Rf8 43. Rd1+ Ke6 44. h7) 42. Kb1 {[%emt 0:18:45] Prevents Ra1+.} ({Not} 42. Rd1+ Kc7 43. Be5+ Kb6 $15) (42. Rh4 $18 {And now h7 would win.} Ra1+ 43. Kc2 Ra2+ 44. Kd3 Rd2+ 45. Ke3) 42... Rd2 $1 $11 43. h7 Nxa3+ 44. Ka1 $1 Nc2+ 45. Ka2 Ne1+ $2 (45... Nxb4+ $2 46. Ka3 c5 47. Kxa4 Ra2+ 48. Kb5 $18) (45... Ne3+ $11 46. Ka1 (46. Ka3 $2 b5 $19) 46... Nc2+ 47. Kb1 Na3+ 48. Ka1 Nc2+) 46. Ka3 $18 {[%emt 0:00:33] White is clearly winning.} c2 47. Rxe1 Rd1 48. Bh6 Rxe1 49. h8=Q c1=Q+ 50. Bxc1 Rxc1 51. Qg7+ Kc8 52. Qg4+ {[%emt 0:00:19] Weighted Error Value: White=0.28 (precise) /Black=0.37} 1-0

[Event "26th Womens ECCC 2022"]
[Site "Mayrhofen"]
[Date "2022.10.09"]
[Round "7.27"]
[White "Peglau, Mirjam"]
[Black "Drljevic, Ljilja"]
[Result "1-0"]
[ECO "B06"]
[WhiteElo "1886"]
[BlackElo "2172"]
[Annotator "TA"]
[PlyCount "134"]
[EventDate "2022.10.03"]
[EventType "team-tourn"]
[EventCountry "AUT"]
[SourceTitle "playchess.com"]
[Source "ChessBase"]
[SourceQuality "1"]
[TimeControl "40/5400+30:1800+30"]

1. e4 g6 2. d4 Bg7 3. Be3 a6 4. c4 d6 5. Nc3 Nd7 6. Rc1 {[%emt 0:03:24] White is more active. B06: Modern Defence.} Ngf6 7. f3 c6 8. Qd2 {[%emt 0:02:04] White is slightly better.} h5 {[%emt 0:02:48] [#]} 9. Nh3 $146 ({Predecessor:} 9. Bd3 e5 10. Nge2 h4 11. Bg5 h3 12. g4 exd4 13. Nxd4 Ne5 14. O-O Qb6 15. Be2 Be6 {0-1 (36) Moller,A (2018)-Schiodt,N (2054) Copenhagen 2003}) 9... h4 10. Be2 b5 11. b3 Qa5 ({Black should play} 11... bxc4 12. Bxc4 Nb6) 12. O-O $16 b4 (12... bxc4 $16 13. Bxc4 Nb6) 13. Nd1 (13. Na4 $18 {and the rest is easy.}) 13... c5 14. Nhf2 Qc7 15. Nb2 Nb6 ({Black should try} 15... cxd4 16. Bxd4 (16. Qxd4 Nc5 $14) 16... Bh6) 16. Rfd1 Bb7 17. Qc2 (17. e5 $142 Nfd7 18. dxc5 dxc5 19. e6 fxe6 20. Nbd3) 17... Nfd7 18. d5 a5 19. f4 a4 20. Nbd3 $1 (20. Nxa4 Nxa4 21. bxa4 Nb6 $15) (20. bxa4 $6 O-O $11) 20... Bc8 21. f5 (21. Bg4 $16) 21... gxf5 22. exf5 Nf6 23. Nf4 Nbd7 24. Ne4 (24. bxa4 Qa7 25. Qd2 Qxa4 $17) (24. N4d3 $11) 24... axb3 $15 25. axb3 Nxe4 26. Qxe4 Ra3 27. Rb1 Ra2 28. Rd2 Nf6 29. Qd3 Rxd2 (29... Qa7 $15) 30. Bxd2 $11 Nd7 31. Rf1 Bd4+ 32. Kh1 Ne5 33. Qe4 Qa7 34. Nd3 Qa2 35. Nxe5 dxe5 36. Rd1 (36. Qd3 $11 {remains equal.}) 36... f6 (36... Qxb3 $17 {Strongly threatening ...h3.} 37. d6 Qa4 38. Bxb4 h3 39. Rxd4 cxd4 40. Qxe5 Qa1+ 41. Bd1 Qxd1+ 42. Be1 e6 $1 43. Qxh8+ Kd7 44. fxe6+ fxe6 45. Qg7+ Kxd6 46. Qg3+ (46. Qf8+ Ke5 $17) 46... e5) 37. Qf3 (37. h3 $11 {and White has nothing to worry.}) 37... Bd7 $2 ({Better is} 37... Qc2 $19 38. Bd3 Qxb3) 38. Qg4 $2 {[%emt 0:00:46] [#]} (38. h3 $11) 38... Kd8 $1 $19 {[%emt 0:00:39] Hoping for ...h3.} 39. Qg7 (39. Qf3 $142) 39... Re8 {[%emt 0:00:12] Threatens to win with ...h3.} 40. d6 exd6 $2 (40... h3 $19 {has better winning chances. White must now prevent ...Bc6.} 41. Bf3 (41. dxe7+ $2 Kc7 $19) 41... Qxb3 42. dxe7+ Kc7) 41. Qxf6+ $17 Kc7 {[%emt 0:30:29] ...h3 is the strong threat.} 42. Qxh4 Bxf5 ({Reject} 42... Qxb3 $6 43. f6 Rf8 44. Rf1 $11) 43. Qg5 (43. Qh5 $17 Bd7 44. Qf7 Qxb3 45. Bg4) 43... Bd7 $19 44. Qg3 (44. Qf6 {might work better.}) 44... e4 45. Bh5 Re5 46. Bg5 (46. Bf4 Rxh5 47. Bxd6+ Kb7 48. Qg8) 46... Qf2 47. Qxf2 Bxf2 48. h4 Bxh4 49. Bxh4 {[%emt 0:00:01] And now Be2 would win.} Rxh5 {[%emt 0:00:06][%mdl 4096] Endgame KRB-KRB} 50. g3 Bg4 51. Re1 d5 52. cxd5 Rxd5 53. Kg1 Bf3 54. Re3 $2 (54. Be7 {is more resistant.}) 54... Rd2 55. Kf1 Kc6 56. Ke1 (56. Bg5 $142 Rg2 57. Bh6) 56... Rg2 57. Kf1 Kd5 {[%emt 0:00:16] aiming for ...Kd4.} 58. Bf6 Rxg3 59. Bh8 Rg2 60. Bf6 Rh2 61. Bg7 c4 {[%emt 0:00:30] ( -> ...cxb3)} 62. bxc4+ Kxc4 63. Bf6 Rc2 64. Re1 b3 65. Rb1 Rh2 66. Rc1+ Kb4 (66... Kd5 $142 67. Re1 b2 68. Bxb2 Rxb2 69. Re3 Kd4 70. Ra3 e3 71. Kg1 Rg2+ 72. Kh1 Ra2+ 73. Kg1 Rxa3 74. Kh2 e2 75. Kh3 e1=Q 76. Kh2 Qh4+ 77. Kg1 Ra1#) 67. Rc8 e3 {[%emt 0:00:31][%mdl 32768] What a bad dream for White.  Weighted Error Value: White=0.75/Black=0.43. Loss on time!?} 1-0

[Event "26th Womens ECCC 2022"]
[Site "Mayrhofen"]
[Date "2022.10.09"]
[Round "7.28"]
[White "Manova, Ivana"]
[Black "Peglau, Sarah"]
[Result "*"]
[WhiteElo "1876"]
[BlackElo "1794"]
[Annotator "NA RC COMBH"]
[PlyCount "87"]
[EventDate "2022.10.03"]
[EventType "team-tourn"]
[EventCountry "AUT"]
[SourceTitle "playchess.com"]
[Source "ChessBase"]
[SourceQuality "1"]
[TimeControl "40/5400+30:1800+30"]

1. e4 c6 2. d4 d5 3. e5 Bf5 4. h4 Qc7 5. h5 h6 6. g4 Be4 7. f3 Bh7 8. Nc3 e6 9. Bd3 Bxd3 10. Qxd3 Nd7 11. Be3 Ne7 12. f4 a6 13. Nf3 c5 14. dxc5 Nxc5 15. Qe2 Nc6 16. Qf2 Qa5 17. O-O O-O-O 18. a3 Nd7 19. b4 Qc7 20. Na4 f6 21. exf6 gxf6 22. Nb6+ Kb8 23. Nxd7+ Rxd7 24. Nh4 d4 25. Bd2 Ne7 26. Rac1 Rg8 27. Qe2 Nf5 28. Ng6 Ng7 29. Kh2 f5 30. Rfe1 fxg4 31. Qxg4 Qc6 32. Ne5 Qd5 33. Nxd7+ Qxd7 34. c3 Qf7 35. Rg1 d3 36. Rce1 Bd6 37. Re4 e5 38. fxe5 Bc7 39. Rg2 Qf6 40. Bf4 Qc6 41. Bd2 Qf6 42. Qg3 Qf5 43. Qg4 Bxe5+ 44. Rxe5 *

[Event "26th Womens ECCC 2022"]
[Site "Mayrhofen"]
[Date "2022.10.09"]
[Round "7.29"]
[White "Ptacnikova, Lenka"]
[Black "Mayrhuber, Nikola"]
[Result "1-0"]
[ECO "A45"]
[WhiteElo "2055"]
[BlackElo "2117"]
[Annotator "TA"]
[PlyCount "143"]
[EventDate "2022.10.03"]
[EventType "team-tourn"]
[EventCountry "AUT"]
[SourceTitle "playchess.com"]
[Source "ChessBase"]
[SourceQuality "1"]
[TimeControl "40/5400+30:1800+30"]

1. d4 Nf6 2. Nc3 d5 3. Bf4 e6 4. e3 Bd6 5. Nf3 O-O 6. Bd3 {[%emt 0:09:40] D00: 1 d4 d5: Unusual lines.} b6 7. Bxd6 Qxd6 {[%emt 0:00:23] [#]} 8. e4 $146 {[%emt 0:08:03] The position is equal.} ({Predecessor:} 8. O-O Ba6 9. Bxa6 Nxa6 10. Qe2 Nb8 11. Ne5 a6 12. a4 Nbd7 13. f4 Ne4 14. Nxd7 Qxd7 15. Nxe4 dxe4 {½-½ (15) Stella,A (2447)-Valsecchi,A (2338) Arco 2011}) 8... Qb4 9. a3 Qe7 (9... Qxb2 {is interesting.} 10. Na4 Qxa1 11. Qxa1 dxe4 12. Be2 Bd7) 10. O-O Ba6 (10... dxe4 $11 11. Nxe4 (11. Bxe4 Nxe4 12. Nxe4 Bb7 $11) 11... Nbd7) 11. Bxa6 $14 (11. exd5 {feels hotter.} Bxd3 12. Qxd3 Nxd5 13. Nxd5 exd5 14. Rae1) 11... Nxa6 12. Qe2 {[%emt 0:00:47] Strongly threatening e5.} dxe4 13. Nxe4 Nxe4 14. Qxe4 {[%emt 0:01:29] Hoping for Qb7.} c5 15. Rad1 $36 {[%emt 0:10:10][%cal Ba1d1,Bd1d4,Bd4b4][%mdl 2080] White is more active.} cxd4 16. Nxd4 Nc5 17. Qf3 Qg5 (17... Qf6 $11) 18. Nc6 a5 19. Rfe1 a4 (19... Qf6 $14) 20. Rd4 $1 $16 Rae8 21. Rb4 Qd2 22. Qd1 Qd7 23. Qxd7 (23. Rxb6 $2 Qc7 24. Rb4 Qxc6 $19) 23... Nxd7 24. Rd1 Nb8 25. Nxb8 {[%emt 0:01:59] White is much more active.} (25. Rxb6 Nxc6 26. Rxc6 Rb8 $16) 25... Rxb8 26. Rxa4 {[%emt 0:00:07][%mdl 4096] Endgame KRR-KRR} Rfc8 27. c3 Rb7 {[%emt 0:01:20] Prevents Rd7.} 28. Rad4 {[%emt 0:01:26] Rd8+ would kill now.} Kf8 29. Kf1 Ke7 30. Ke2 Rc5 31. a4 e5 32. Rb4 f5 33. f3 h5 34. h4 g6 35. Ke3 Rb8 36. g4 hxg4 37. fxg4 Ke6 (37... Rh8 $16) 38. Kf3 Rcc8 (38... b5 $16 {might work better.} 39. gxf5+ gxf5) 39. Rb5 (39. Ke2 $18 {has better winning chances.}) 39... fxg4+ {[%emt 0:00:40] A mistake that costs the game.} (39... Rc4 $16 {keeps fighting.}) 40. Kxg4 $18 Rc4+ 41. Kg5 Rxa4 42. Re1 ({Don't go for} 42. Kxg6 $2 Rg4+ 43. Kh7 (43. Kh5 $2 Rg2 $19) 43... Rxh4+ 44. Kg7 Rhh8 45. Rxb6+ Rxb6 $19) 42... Kf7 (42... Rh8 $16) 43. Rbxe5 ({Weaker is} 43. Rexe5 Rh8 44. b4 Ra1 $11) 43... Ra5 {[%emt 0:02:17] [#]} 44. b4 $1 Rxe5+ 45. Rxe5 {[%emt 0:00:00] Black must now prevent Rb5. KR-KR} Rh8 46. Kg4 {[%emt 0:00:00] Inhibits Rh5.} Rc8 47. Re3 Kf6 48. Rf3+ Ke5 $2 (48... Kg7 49. Kg5 Rd8) 49. Kg5 Rc4 50. Re3+ Kd5 51. Rg3 {[%emt 0:00:00] aiming for Rg4.} b5 52. Rg4 {[%emt 0:07:00] White threatens Rxc4 and mate.} Rc6 53. Kh6 Rxc3 54. Kxg6 {[%emt 0:00:26] Threatens to win with h5.} Rc6+ 55. Kg5 Rc8 56. h5 {[%emt 0:00:30] Intending h6 and mate.} Rg8+ 57. Kh4 Rh8 {[%emt 0:00:11] [#]} 58. Rf4 $1 Ke5 59. Rf1 Kd4 60. Rc1 {[%emt 0:00:21] White wants to mate with Rc5.} Ke3 61. Rc5 (61. Rc6 $142 Kd3 62. Rc5 Kd4 63. Kg5 Rg8+ 64. Kf6 Rb8 65. h6 Rb6+ 66. Kg5) 61... Kd4 62. Rxb5 {[%emt 0:00:16] White mates.} Kc4 63. Rb7 Kd5 64. Rb6 Kc4 65. h6 Rh7 66. Kg5 Rh8 67. Kg6 Rg8+ 68. Kf7 Ra8 69. Rb7 Ra1 70. h7 Rh1 71. Kg8 Rg1+ 72. Rg7 {[%emt 0:00:05] Weighted Error Value: White=0.17 (very precise) /Black=0.39} 1-0

[Event "26th Womens ECCC 2022"]
[Site "Mayrhofen"]
[Date "2022.10.09"]
[Round "7.30"]
[White "Schloffer, Jasmin-Denise"]
[Black "Johannsdottir, Johanna Bjorg"]
[Result "0-1"]
[ECO "E46"]
[WhiteElo "2086"]
[BlackElo "1964"]
[Annotator "TA"]
[PlyCount "60"]
[EventDate "2022.10.03"]
[EventType "team-tourn"]
[EventCountry "AUT"]
[SourceTitle "playchess.com"]
[Source "ChessBase"]
[SourceQuality "1"]
[TimeControl "40/5400+30:1800+30"]

1. d4 Nf6 2. c4 e6 3. Nc3 Bb4 4. e3 O-O 5. Nge2 Re8 6. a3 Bf8 7. d5 exd5 8. cxd5 a5 {[%emt 0:02:06] E46: Nimzo-Indian: Rubinstein: 4 e3 0-0 5 Ne2 without early Bd3.} 9. Ng3 Na6 10. Be2 Nc5 {[%emt 0:00:54] The position is equal.} 11. b3 {[%emt 0:01:25] [#]} g6 $146 ({Predecessor:} 11... a4 12. b4 Nb3 13. Rb1 c5 14. b5 Nxc1 15. Qxc1 d6 16. O-O Nd7 17. Qc2 Nb6 {0-1 (42) Tregubov,P (2592)-Saric,I (2695) St Petersburg 2018}) 12. Bb2 Bg7 13. Qc2 (13. b4 {might be stronger.} Na6 14. Nb5) 13... d6 (13... h5 $5 ) 14. O-O h5 15. b4 (15. Bb5 $5 ) 15... h4 (15... Na6 $1 $15) 16. bxc5 $14 {[%emt 0:01:49] Strongly threatening Nh1.} hxg3 17. hxg3 ({Of course not} 17. fxg3 dxc5 18. Nd1 Nxd5 19. Bxg7 Kxg7 20. Qxc5 c6 $15) 17... dxc5 (17... Bf5 $5 18. Qb3 dxc5 $11) 18. Bf3 (18. Rad1 $5 ) 18... Bf5 19. Qe2 Qd7 20. Rfe1 Rad8 21. Rad1 b6 {[%emt 0:00:53] [#]} (21... g5 $11 22. Qc4 b6) 22. e4 {[%emt 0:05:16] [#]} (22. Nb5 $1 $16) 22... Bg4 ({Black should play} 22... Nxe4 $1 $11 23. Nxe4 (23. Bxe4 Bxe4) 23... Bxe4 24. Bxe4 f5) 23. e5 {[%emt 0:05:46] Hoping for Qc4.} Qf5 $1 24. Qc4 (24. Ba1 $14) 24... Bxf3 $15 25. gxf3 Rxe5 26. Ne4 Ree8 27. g4 $2 {[%emt 0:04:24][%mdl 8192] This move loses the game for White.} (27. Kg2 $1 $15 Nxe4 28. fxe4) 27... Qxf3 $19 28. Rd3 $2 (28. Nxf6+ Bxf6 29. Bxf6 Rxe1+ 30. Rxe1 Qxf6 31. Qd3) 28... Qxg4+ {[%emt 0:01:48] Black is clearly winning.} 29. Rg3 Rxe4 30. Rxg4 Rxg4+ {[%emt 0:00:05] Weighted Error Value: White=0.74/Black=0.19 (very precise)} 0-1

[Event "26th Womens ECCC 2022"]
[Site "Mayrhofen"]
[Date "2022.10.09"]
[Round "7.31"]
[White "Thorsteinsdottir, Hallgerdur"]
[Black "Schnegg, Anna-Lena"]
[Result "1-0"]
[ECO "C41"]
[WhiteElo "1959"]
[BlackElo "2154"]
[Annotator "TA"]
[PlyCount "72"]
[EventDate "2022.10.03"]
[EventType "team-tourn"]
[EventCountry "AUT"]
[SourceTitle "playchess.com"]
[Source "ChessBase"]
[SourceQuality "1"]
[TimeControl "40/5400+30:1800+30"]

1. e4 e5 2. Nf3 d6 3. d4 exd4 4. Nxd4 Nf6 5. Nc3 Be7 6. Bf4 O-O 7. Qd2 Nc6 8. O-O-O Nxd4 9. Qxd4 Be6 10. Bc4 {C41: Philidor Defence.} (10. Kb1 $14) 10... Nd7 11. Nd5 Nb6 12. Nxe7+ {[%emt 0:05:10] White is slightly better.} Qxe7 {[%emt 0:00:13] [#]} 13. Be2 $146 ({Predecessor:} 13. Bd3 Rfd8 14. e5 dxe5 15. Qxe5 Nd5 16. Bd2 Bg4 17. Qxe7 Nxe7 18. Rde1 Nd5 19. f4 {½-½ (43) Sutovsky,E (2633)-Jimenez Garcia,E (2290) Batumi 2018}) 13... a5 14. a3 Rfd8 15. h4 d5 16. h5 {[%emt 0:05:00] White has more active pieces.} c5 17. Qe3 {[%emt 0:00:54] [#] Qb3 is the strong threat.} (17. Qe5 $5 ) 17... Rac8 (17... d4 $11 18. Qg3 Bc4) 18. h6 (18. Qb3 $14 Qf6 19. g3) 18... g6 (18... d4 $5 19. Qd2 (19. Qg3 g6 $14) 19... g6 $14) 19. Qc3 (19. Qb3 $14 Rc6 20. Qg3) 19... d4 $11 20. Qxa5 Rc6 21. Bb5 {[%emt 0:03:41] A strong pair of Bishops.} Nc4 22. Qa4 Nb6 23. Qa5 Nc4 24. Bxc4 (24. Qa4 $1 $11 Nb6 25. Qa5) 24... Bxc4 $15 25. f3 Ra6 ({Black should try} 25... Rdc8 $15) 26. Qd2 (26. Qc7 $11 Qxc7 27. Bxc7) 26... b5 {[%emt 0:00:52] White must now prevent ...b4.} 27. c3 {[%emt 0:09:16] [#] Prevents b4.} (27. Bg3 $17) 27... Bb3 $1 $19 28. Kb1 Bxd1 29. Rxd1 d3 30. e5 $2 {[%emt 0:00:55] This move loses the game for White.} (30. g4 $17) 30... Rd5 31. Qe3 c4 32. Qe4 Qe6 33. Bg3 Ra8 34. f4 Rad8 {[%emt 0:00:28][%cal Ob5b4] Strongly threatening ...b4!} 35. Bh4 $2 (35. Be1) 35... Qg4 $1 36. Qe1 d2 {[%emt 0:00:00][%mdl 32768] Weighted Error Value: White=0.52/Black=0.20 (precise) . Loss on time!?} 1-0

[Event "26th Womens ECCC 2022"]
[Site "Mayrhofen"]
[Date "2022.10.09"]
[Round "7.32"]
[White "Konecny, Sophie"]
[Black "Thorsteinsdottir, Gudlaug"]
[Result "1/2-1/2"]
[ECO "D00"]
[WhiteElo "1848"]
[BlackElo "2014"]
[Annotator "TA"]
[PlyCount "107"]
[EventDate "2022.10.03"]
[EventType "team-tourn"]
[EventCountry "AUT"]
[SourceTitle "playchess.com"]
[Source "ChessBase"]
[SourceQuality "1"]
[TimeControl "40/5400+30:1800+30"]

1. d4 d5 2. Nc3 Nf6 3. Bf4 c6 4. e3 Bf5 5. f3 e6 6. g4 {[%emt 0:00:56] D00: 1 d4 d5: Unusual lines.} Bg6 7. h4 {[%emt 0:00:32] Threatens to win with h5.} h6 8. Bd3 Bxd3 9. Qxd3 Bd6 10. Nge2 Na6 {[%emt 0:04:34] 10...Qe7 is the modern continuation.} 11. a3 Qe7 12. Bxd6 Qxd6 13. O-O-O O-O-O {[%emt 0:05:40] [#]} 14. g5 $146 ({Predecessor:} 14. e4 dxe4 15. Nxe4 Nxe4 16. Qxe4 Nc7 17. f4 Qd5 18. Qxd5 {½-½ (18) Reichelt,F (1957)-Weisshuhn,G (2004) Nordrheinwestfalen 2019}) 14... Nd7 15. e4 Nb6 16. Kb1 Nc4 17. Na2 b5 (17... Kb8 $11) 18. f4 (18. e5 $14 {keeps the upper hand.} Qe7 19. f4) 18... Rd7 ({Black should try} 18... dxe4 $17 19. Qxe4 Nc5 $1) 19. e5 $14 Qe7 20. Ng1 (20. Nac1 $14) 20... Rb7 $40 {[%emt 0:01:51][%mdl 128] White needs to defend precisely.} 21. Nf3 b4 22. a4 c5 23. Ka1 Rb6 24. b3 Na5 (24... Na3 $17) 25. Nd2 (25. gxh6 {seems wilder.} gxh6 26. dxc5 Nxc5 27. Qe3) 25... Kb8 26. Rc1 Rc8 27. Nf3 c4 28. Qe3 (28. Qd1 $17) 28... Rbc6 $2 (28... cxb3 $19 29. cxb3 Rc3 $1 ) 29. Kb2 ({Better is} 29. h5 $15) 29... Qc7 (29... cxb3 $6 30. cxb3 Nc4+ 31. bxc4 $11) (29... Qf8 $17) 30. Qe2 (30. gxh6 $15 gxh6 31. Rhg1) 30... Qb6 31. Rhd1 cxb3 (31... Ka8 $17) 32. cxb3 Rc3 33. Nxc3 $16 bxc3+ 34. Rxc3 Rxc3 35. Kxc3 {[%emt 0:00:03][%cal Bb2c3,Bc3d2,Bd2e1,Be1f2][%mdl 32] Qb5 is the strong threat.} Qxb3+ 36. Kd2 {[%emt 0:00:19] Black must now prevent Qb5+.} Nc4+ 37. Ke1 {[%emt 0:00:29] aiming for Qd3.} Nb4 {[%emt 0:00:31] Inhibits Qd3.} 38. Kf2 {[%emt 0:00:59][%cal Of4f5] Inhibits Ne3.} a5 (38... Kc7 $16) 39. gxh6 $18 gxh6 40. h5 (40. Rg1 $1 $16) 40... Qxa4 $11 41. Nd2 {[%emt 0:02:56] [#] Prevents Qb3.} (41. Rg1 $11 {remains equal.}) 41... Nb2 {[%emt 0:04:19] Pair of Knights!} (41... Nd3+ $1 $17 42. Kf3 Nc1 $1 43. Rxc1 Qa3+ 44. Nb3 Qxb3+ 45. Kg4 Kb7) 42. Rb1 Qa2 (42... Qc2 $1 $11) 43. Qb5+ (43. f5 $14 Nc4 44. Rd1 (44. fxe6 fxe6 45. Rd1 Kc7 $16)) 43... Ka7 44. Qd7+ Ka6 {[%emt 0:00:19] [#]} (44... Kb6 $1 $11) 45. Qd6+ (45. Kg3 $1 $16 N2d3 46. Qc8+ Ka7 47. Qc7+ Ka6 48. Qc8+ Ka7 49. Qc3) 45... Kb5 46. Qd7+ Kb6 {[%emt 0:00:11] The position is equal.} 47. Qxf7 {[%emt 0:02:23] Really sharp!} Nc4 48. Qxe6+ Ka7 49. Qe7+ (49. Qxh6 Nxd2 50. Rxb4 Ne4+ 51. Kf3 Qa3+ 52. Kg4 Qg3+ 53. Kf5 Qh3+ 54. Kg6 Qg4+ 55. Kh7 axb4 56. Qg7+ Qxg7+ 57. Kxg7 b3 $15) 49... Ka6 50. Qe6+ Ka7 $1 51. Qf7+ ({Reject} 51. Qxh6 Nxd2 52. Rxb4 axb4 $17) 51... Ka6 52. Qg6+ Ka7 53. Qg7+ ({Much weaker is} 53. Qxh6 Nxd2 54. Rxb4 axb4 $17) 53... Ka8 54. Qxh6 {Never resign too early!  Weighted Error Value: White=0.36/Black=0.32} 1/2-1/2